 Dungeon Crawl Stone Soup version 0.30-a0-165-g1891117ce2 (webtiles) character file.

Game seed: 8239367466237762411

41 qw the Chopper (level 3, -1/23 HPs)
             Began as a Gargoyle Fighter on Sept 28, 2022.
             Slain by a gnoll
             ... wielding a +0 club
              (4 damage)
             ... on level 2 of the Dungeon.
             The game lasted 00:00:25 (1237 turns).

qw the Chopper (Gargoyle Fighter)                   Turns: 1237, Time: 00:00:26

Health: -1/23      AC: 10    Str: 21    XL:     3   Next: 52%
Magic:  3/3        EV:  9    Int:  8    God:
Gold:   17         SH:  4    Dex:  9    Spells: 2/2 levels left

rFire   . . .      SeeInvis .    Y - +0 war axe
rCold   . . .      Faith    .    c - +0 buckler
rNeg    + . .      Spirit   .    b - +0 scale mail
rPois   inf        Reflect  .    (no helmet)
rElec   +          Harm     .    (no cloak)
rCorr   .          Rampage  .    (no gloves)
Will    .....                    (no boots)
Stlth   ..........               (no amulet)
HPRegen 0.07/turn                (no ring)
MPRegen 0.08/turn                (no ring)

@: no status effects
A: sickness immunity, AC +3, negative energy resistance 1, electricity
resistance, torment resistance 1, petrification resistance
a: no special abilities


You were on level 2 of the Dungeon.
You visited 1 branch of the dungeon, and saw 2 of its levels.

You collected 17 gold pieces.


Innate Abilities, Weirdness & Mutations

You are immune to sickness and miasma.
Your stone body is resilient. (AC +3)
You are immune to poison.
You resist negative energy. (rN+)
You are resistant to electric shocks. (rElec)
You are resistant to unholy torment.
You are immune to petrification.


   Skills:
 - Level 3.2 Fighting
 + Level 3.4 Axes
 - Level 3.2 Armour
 - Level 3.2 Shields


You had 2 spell levels left.
You didn't know any spells.
Your spell library was empty.

Inventory:

Hand Weapons
 Y - a +0 war axe (weapon)
Armour
 b - a +0 scale mail (worn)
 c - a +0 buckler (worn)
Scrolls
 f - a scroll of identify
Potions
 d - a potion of might
 i - a potion of ambrosia {unknown}
 j - a potion of heal wounds {unknown}
 k - a potion of curing
 m - a potion of attraction {unknown}
 n - a potion of degeneration {unknown}

Dungeon Overview and Level Annotations

Branches:
Dungeon (2/15)

Altars:


Message History

You closely miss the gnoll.
The gnoll is severely wounded.
You closely miss the rat. The gnoll barely misses you. The rat bites you.
You hit the gnoll.
The gnoll is almost dead.
You hit the kobold but do no damage. You slash the rat!
You kill the rat!
You barely miss the frilled lizard. The gnoll hits you with a +0 halberd.
The kobold closely misses you. The frilled lizard closely misses you.
You hit the gnoll.
You kill the gnoll!
You closely miss the kobold. You barely miss the frilled lizard.
The frilled lizard barely misses you. The kobold hits you with a +0 war axe.
The frilled lizard bites you but does no damage.
The kobold hits you but does no damage.
You hit the frilled lizard.
You kill the frilled lizard!
You barely miss the kobold. The kobold hits you with a +0 war axe.
You barely miss the kobold. The kobold completely misses you.
You block the kobold's attack.
You slash the kobold!
You kill the kobold!
You start resting.
A gnoll is nearby!
1233 ||| Stepping ~*~*~tactically~*~*~ (stealth).
The gnoll shouts!
You hit the gnoll but do no damage. The gnoll misses you.
You hit the gnoll but do no damage. The gnoll hits you but does no damage.
The gnoll closely misses you.
You slash the gnoll!
The gnoll is severely wounded.
You block the gnoll's attack.
You barely miss the gnoll.
The gnoll is severely wounded.
The gnoll hits you with a +0 club.
You die...

#. . #..
#..##.## ..
#..#.#.##.
##.......?### ##
............ ..
..........###.#
#.....).#...#
#..g#.)..#
#...#.<@.)..#
#......%..%...#
##..##.##..#...#
#.. ... ...# ..#
.# ###. #..# ..#
.. ..## .. #.
.## # .. #


You could see a gnoll.

Vanquished Creatures
  A gnoll (D:2)
  A dart slug (D:1)
  2 endoplasms (D:1)
  2 giant cockroaches (D:1)
  2 goblins (D:1)
  6 hobgoblins (D:1)
  3 quokkas (D:1)
  2 ball pythons
  2 bats (D:1)
  2 frilled lizards
  A kobold (D:2)
  5 rats
29 creatures vanquished.

Notes
Turn   | Place    | Note
-------+----------+-------------------------------------------
     0 | D:1      | qw the Gargoyle Fighter began the quest for the Orb.
     0 | D:1      | Reached XP level 1. HP: 14/14 MP: 1/1
     0 | D:1      | 0 ||| qw: Version: 0.2-a-12-gaebbb33
     0 | D:1      | 0 ||| qw: Game counter: 867
     0 | D:1      | 0 ||| qw: Always use a shield: true
     0 | D:1      | 0 ||| qw: God list: Okawaru
     0 | D:1      | 0 ||| qw: Allow faded altars: false
     0 | D:1      | 0 ||| qw: Do Orc after D:15 true
     0 | D:1      | 0 ||| qw: Do second Lair branch before Depths: true
     0 | D:1      | 0 ||| qw: Lair rune preference: random
     0 | D:1      | 0 ||| qw: Plans: Normal, Zot:1-4, God:TSO, Crypt, Tomb,
                  | Pan, Slime:5, Hells, Abyss, Orb
     0 | D:1      | 0 ||| PLANNING D:1-11
   183 | D:1      | Reached XP level 2. HP: 19/19 MP: 2/2
   894 | D:1      | Reached skill level 3 in Axes
   994 | D:1      | Reached XP level 3. HP: 23/23 MP: 3/3
  1183 | D:1      | 1183 ||| DROPPING +3 leather armour.
  1184 | D:1      | 1184 ||| READING scroll labelled WYRAUWNOCW.
  1185 | D:1      | 1185 ||| READING 2 scrolls labelled WYIPPEOKHLY.
  1186 | D:1      | 1186 ||| READING scroll labelled KARONWUKES.
  1190 | D:1      | 1190 ||| READING scroll labelled DYIMUU VONWUNN.
  1191 | D:1      | 1191 ||| DRINKING 2 bubbling golden potions.
  1202 | D:2      | 1202 ||| Stepping ~*~*~tactically~*~*~ (hiding).
  1211 | D:2      | 1211 ||| Stepping ~*~*~tactically~*~*~ (stealth).
  1220 | D:2      | HP: 5/23 [kobold/+0 war axe (4)]
  1221 | D:2      | HP: 2/23 [kobold/+0 war axe (3)]
  1233 | D:2      | 1233 ||| Stepping ~*~*~tactically~*~*~ (stealth).
  1237 | D:2      | Slain by a gnoll

Levels and vault maps discovered:
D:1:      lemuel_arrival_hallway, layout_loops_ring, minmay_octomino_e4
D:2:      layout_loops_ring, basic_altar,
          hellmonk_ecumenical_altar_watching_god, nicolae_titane, uniq_robin

Skill      XL: |  1  2 |
---------------+-------+-----
Axes           | 2 3 |  3.4
Fighting       | |  3.2
Armour         | |  3.2
Shields        | |  3.2

Action                   || total
-------------------------++-------
Melee: War axe           ||    92
  Use: Scroll            ||     4
       Potion            ||     1
Armor: Scale mail        ||    47
Dodge: Dodged            ||    39
Block: Buckler           ||    12

Table legend:
 A = Non-vault XP
 B = Vault XP
 C = Vault XP percentage of total XP
 D = Non-vault monster count
 E = Vault monster count
 F = Vault count percentage of total count
                 A         B        C        D         E       F
            +---------+---------+-------+---------+---------+-------
      Total |      55 |       4 |   6.8 |      26 |       3 |  10.3
            +---------+---------+-------+---------+---------+-------
        D:1 |      36 |       4 |  10.0 |      20 |       3 |  13.0
        D:2 |      19 |       0 |   0.0 |       6 |       0 |   0.0
            +---------+---------+-------+---------+---------+-------
